 Dungeon Crawl Stone Soup version 0.31.0-11-ge490571c62 (webtiles) character file.

Game seed: 15710798289115552648

518 browni3141 the Chopper (level 7, -1/63 HPs)
             Began as a Minotaur Fighter on Jan 27, 2024.
             Engulfed by a cloud of steam (6 damage)
             ... on level 5 of the Dungeon.
             The game lasted 00:01:25 (1749 turns).

browni3141 the Chopper (Minotaur Fighter)           Turns: 1749, Time: 00:01:26

Health: -1/63      AC:  9    Str: 23    XL:     7   Next: 1%
Magic:  6/6        EV:  8    Int:  5    God:
Gold:   141        SH:  4    Dex:  9    Spells: 6/6 levels left

rFire   . . .        a - +0 war axe
rCold   . . .        c - +0 buckler
rNeg    . . .        l - +0 chain mail
rPois   .            (helmet restricted)
rElec   .            (no cloak)
rCorr   .            (no gloves)
SInv    .            (no boots)
Will    .....        (no amulet) Stlth
                     (no ring)
HPRegen 0.30/turn    (no ring)
MPRegen 0.10/turn

%: no passive effects
@: mighty
A: horns 2, retaliatory headbutt
a: no special abilities


You were on level 5 of the Dungeon.
You visited 2 branches of the dungeon, and saw 6 of its levels.

You collected 141 gold pieces.

Inventory:

Hand Weapons
 a - a +0 war axe (weapon)
Armour
 b - a +0 scale mail
 c - a +0 buckler (worn)
 h - a +0 pair of gloves
 l - a +0 chain mail (worn)
Scrolls
 e - 2 scrolls of amnesia {unknown}
 g - a scroll of fog {unknown}
 i - a scroll of enchant armour {unknown}
 j - a scroll of summoning {unknown}
 k - a scroll of brand weapon {unknown}
 m - a scroll of enchant weapon {unknown}
 p - a scroll of acquirement {unknown}
 q - a scroll of noise {unknown}
 r - 2 scrolls of blinking {unknown}
 s - a scroll of identify {unknown}
Potions
 f - a potion of lignification {unknown}
 n - a potion of invisibility {unknown}
 o - a potion of resistance {unknown}


   Skills:
 + Level 6.3 Fighting
 * Level 7.6 Axes
 - Level 3.6 Armour
 - Level 3.6 Shields


You had 6 spell levels left.
You didn't know any spells.
Your spell library contained the following spells:

 Spells                   Type           Power      Damage    Failure   Level
 Sandblast                Erth           0%         2d4       98%         1
 Cigotuvi's Dreadful Rot  Necr/Alch/Air  0%         N/A       99%         2
 Passwall                 Erth           0%         N/A       100%        3
 Stone Arrow              Conj/Erth      0%         3d7       100%        3
 Brom's Barrelling Bould  Conj/Erth      0%         2d3       100%        4
 Dispel Undead            Necr           0%         3d6       100%        4
 Martyr's Knell           Necr/Summ      0%         N/A       100%        4
 Conjure Ball Lightning   Conj/Air       0%         3x3d6     100%        6
 Death Channel            Necr           0%         N/A       100%        6
 Discord                  Hex            0%         N/A       100%        8
 Disjunction              Tloc           0%         N/A       100%        8


Dungeon Overview and Level Annotations

Branches:
Dungeon (5/15)             Temple (1/1) D:4

Altars:
Cheibriados
Elyvilon
Hepliaklqana
Makhleb
Nemelex Xobeh
Qazlal
Ru
Trog
Wu Jian
Xom
Yredelemnul
Zin


Innate Abilities, Weirdness & Mutations

You have a pair of horns on your head.
You reflexively headbutt those who attack you in melee.


Message History

The magic dart hits you.
You slash something!
Reactivating autopickup.
You feel a bit more experienced.
You barely miss the orc. Your headbutt misses the orc.
The orc hits you but does no damage.
You completely miss the orc. You block the orc's attack. x2
You slice the orc!!
You kill the orc!
You hit the scorpion.
The scorpion is lightly wounded.
The scorpion stings you but does no damage. x2
You hit the scorpion but do no damage.
The scorpion is lightly wounded.
The scorpion stings you but does no damage.
You closely miss the scorpion. Your headbutt misses the scorpion.
The scorpion is lightly wounded.
You block the scorpion's attack. The scorpion barely misses you.
You furiously retaliate!
You headbutt the scorpion! You hit the scorpion.
Your headbutt misses the scorpion.
The scorpion is severely wounded.
The scorpion stings you but does no damage.
You slash the scorpion!
You kill the scorpion!
Your Axes skill increases to level 7!
You slash the orc!
You kill the orc!
No target in view!
Items here: ))))) [[[ †††††.
No target in view!
No target in view!
Found an escape hatch in the ceiling.
Found a stone staircase leading up.
There is a stone staircase leading up here.
There is an escape hatch in the ceiling here.
There is an escape hatch in the ceiling here.
Found a stone staircase leading down.
Found an escape hatch in the floor.
s - a scroll labelled GEKUONNIGHI No target in view!
No target in view!
No target in view!
There is an escape hatch in the floor here.
e - 2 scrolls labelled DEYTEVAOZE (gained 1)
There is a shaft here.
r - 2 scrolls labelled LEJEXE NOI (gained 1)
A steam dragon comes into view.
The steam dragon hisses angrily.
You hear an angry hiss.
A steam dragon is nearby!
A steam dragon is nearby!
A steam dragon is nearby!
A steam dragon is nearby!
A steam dragon comes into view.
The steam dragon hisses angrily.
The steam dragon breathes steam at you. The ball of steam hits you!!
The ball of steam hits the fungus!
The fungus begins to die.
You are engulfed in a cloud of scalding steam.
The fungus is engulfed in a cloud of scalding steam.
The steam dragon barely misses you.
The steam dragon claws you but does no damage.
You feel very mighty all of a sudden.
The steam dragon bites you but does no damage.
The steam dragon claws you but does no damage.
You slash the steam dragon! Your headbutt misses the steam dragon.
The steam dragon is moderately wounded.
You hit the fungus.
The fungus begins to die.
You slash the fungus!
The fungus begins to die.
The fungus is engulfed in a cloud of scalding steam. x2
The steam dragon breathes steam at you. The ball of steam hits you!
The ball of steam hits the fungus!!
You slash the steam dragon!
The steam dragon is almost dead.
You slash the fungus! x2; You barely miss the steam dragon.
You are engulfed in a cloud of scalding steam.
The fungus is engulfed in a cloud of scalding steam.
A nearby fungus withers and dies.
The steam dragon bites you but does no damage.
The steam dragon completely misses you. The steam dragon misses you.
The steam dragon claws you but does no damage.
You slash the steam dragon!
You kill the steam dragon!
You barely miss the steam dragon. You slash the fungus! You hit the fungus.
The fungus is engulfed in a cloud of scalding steam. x2
The steam dragon breathes steam at you. The ball of steam misses you.
The steam dragon closely misses you.
The steam dragon claws you but does no damage.
Your Fighting skill increases to level 6!
You have reached level 7!
You barely miss the steam dragon. You hit the fungus. You slash the fungus!
You are engulfed in a cloud of scalding steam.
The fungus is engulfed in a cloud of scalding steam.
A nearby fungus withers and dies.
The fungus is engulfed in a cloud of scalding steam.
A nearby fungus withers and dies.
The steam dragon bites you.
The steam dragon claws you but does no damage.
You slice the steam dragon!!
The steam dragon is severely wounded.
You are engulfed in a cloud of scalding steam.
You die...

#.########.....))# #.#
#......). #.# #.#.#####
### #.# #.#.# ###P~###.#
#.#.##### #(PPP.≈#######
#.####.~.
#~...~...§P~P#######..^..
~.........§§....P~P.P~P.~
~.....†D@.~P.≈~P.........
≈P....~#########P...P~P~P
#~^~PP# ########.~ ##P^~#
### ####


You could see a steam dragon (catching breath).

Vanquished Creatures
  A steam dragon (D:5)
  An orc warrior (D:5)
  2 scorpions
  2 orc priests
  An orc wizard (D:5)
  3 adders
  A dart slug (D:4)
  10 orcs
  3 ball pythons
  4 bats
  5 endoplasms
  A giant cockroach (D:4)
  3 goblins
  6 hobgoblins
  4 jackals
  4 quokkas
  A frilled lizard (D:3)
  5 kobolds
  A rat (D:1)
58 creatures vanquished.

Notes
Turn   | Place    | Note
-------+----------+-------------------------------------------
     0 | D:1      | browni3141 the Minotaur Fighter began the quest for the
                  | Orb.
     0 | D:1      | Reached XP level 1. HP: 19/19 MP: 0/0
    74 | D:1      | Reached skill level 3 in Axes
    77 | D:1      | Reached XP level 2. HP: 27/27 MP: 1/1
   542 | D:3      | Reached XP level 3. HP: 33/33 MP: 2/2
   641 | D:4      | Reached skill level 4 in Axes
   643 | D:4      | Reached XP level 4. HP: 29/41 MP: 3/3
   715 | D:4      | Noticed a scorpion
   725 | D:4      | Killed a scorpion
   726 | D:4      | Reached skill level 5 in Axes
   745 | D:4      | Reached skill level 5 in Fighting
   745 | D:4      | Reached XP level 5. HP: 48/48 MP: 4/4
   844 | D:4      | Found a staircase to the Ecumenical Temple.
   855 | Temple   | Entered the Ecumenical Temple
  1104 | D:5      | Entered Level 5 of the Dungeon
  1104 | D:5      | Noticed an orc warrior
  1115 | D:5      | Killed an orc warrior
  1116 | D:5      | Reached skill level 6 in Axes
  1254 | D:5      | Found a sparkling altar of Nemelex Xobeh.
  1385 | D:5      | Reached XP level 6. HP: 47/56 MP: 5/5
  1465 | D:5      | Reached skill level 7 in Axes
  1739 | D:5      | Noticed a steam dragon
  1740 | D:5      | Noticed a steam dragon
  1746 | D:5      | Killed a steam dragon
  1747 | D:5      | Reached XP level 7. HP: 20/63 MP: 6/6
  1749 | D:5      | Engulfed by a cloud of steam

Illustrated notes

Levels and vault maps discovered:
D:1:      minmay_arrival_doors, layout_basic
D:2:      layout_basic
D:3:      layout_rooms, amcnicky_mini_rare_corridor_liquid
D:4:      layout_rooms, minmay_temple_entry_trees
D:5:      kennysheep_steamy, layout_loops_ring, mainiacjoe_overflow_alcove_1,
          uniq_menkaure
Temple:   nicolae_temple_ecumenical_triangle

Skill      XL: |  1  2  3  4  5  6 |
---------------+-------------------+-----
Axes           | 3 4 5 6 7 |  7.6
Fighting       | 4 5 6 |  6.3
Armour         | |  3.6
Shields        | |  3.6

Action                     |  1- 3 |  4- 6 |  7- 9 || total
---------------------------+-------+-------+-------++-------
  Melee: War axe           |    63 |    95 |     2 ||   160
         Headbutt          |     7 |     3 |       ||    10
    Use: Potion            |       |     1 |       ||     1
 Armour: Scale mail        |    36 |       |       ||    36
         Chain mail        |    13 |    79 |     4 ||    96
  Dodge: Dodged            |    34 |    28 |       ||    62
  Block: Buckler           |    18 |    19 |       ||    37
